 Dungeon Crawl Stone Soup version 0.23-a0-182-g58cdd98 (webtiles) character file.

17 CozyGlow the Gusty (level 2, -1/20 HPs)
             Began as a Draconian Air Elementalist on Sept 20, 2018.
             Slain by a hobgoblin
             ... wielding a +0 club
              (2 damage)
             ... on level 1 of the Dungeon.
             The game lasted 00:02:49 (484 turns).

CozyGlow the Gusty (Draconian Air Elementalist)      Turns: 484, Time: 00:02:50

Health: -1/20      AC:  4    Str: 10    XL:     2   Next: 44%
Magic:  0/5        EV: 12    Int: 15    God:
Gold:   17         SH:  0    Dex: 11    Spells: 4/5 levels left

rFire    + . .     SeeInvis .   c - +0 whip
rCold    + . .     Gourm    .   (no shield)
rNeg     . . .     Faith    .   (armour unavailable)
rPois    .         Spirit   .   (helmet restricted)
rElec    .         Reflect  .   d - scarf {rC+ rF+}
rCorr    .         Harm     .   (no gloves)
MR       .....                  (no boots)
Stlth    ++........             (no amulet)
HPRegen  0.06/turn              (no ring)
MPRegen  0.09/turn              (no ring)

@: no status effects
A: unfitting armour, cold-blooded, AC +4
a: no special abilities


You were on level 1 of the Dungeon.
You were not hungry.

You visited 1 branch of the dungeon, and saw 1 of its levels.

You collected 17 gold pieces.

Inventory:

Hand Weapons
 c - a +0 whip (weapon)
Armour
 d - a scarf of resistance (worn)
 e - a +0 robe
Comestibles
 a - 3 chunks of flesh
 b - a ration


   Skills:
 + Level 2.0 Dodging
 - Level 1.7 Stealth
 * Level 2.4 Spellcasting
 + Level 1.3 Conjurations
 + Level 3.1 Air Magic


You had 4 spell levels left.
You knew the following spells:

 Your Spells              Type           Power        Failure   Level  Hunger
a - Shock                 Conj/Air       #...         9%          1    #......

Your spell library contained the following spells:

 Spells                   Type           Power        Failure   Level  Hunger
 Swiftness                Chrm/Air       #.......     17%         2    ###....
 Static Discharge         Conj/Air       #.......     26%         3    ###....
 Airstrike                Air            ##........   50%         4    #####..
 Lightning Bolt           Conj/Air       #.........   93%         5    ######.


Dungeon Overview and Level Annotations

Branches:
Dungeon (1/15)

Altars:


Innate Abilities, Weirdness & Mutations

Your plain brown scales are hard. (AC +4)
You cannot fit into any form of body armour.
You are cold-blooded and may be slowed by cold attacks.


Message History

The zap misses the hobgoblin.
The zap hits the ooze.
You kill the ooze!
The hobgoblin closely misses you. The kobold hits you with a club.
* * * LOW HITPOINT WARNING * * *
The rat closely misses you.
You barely miss the rat.
Your tail-slap misses the rat.
The rat is moderately wounded.
The hobgoblin hits you but does no damage.
The kobold barely misses you. The rat barely misses you.
You hit the kobold.
The kobold is severely wounded.
The rat closely misses you. The hobgoblin hits you with a club.
* * * LOW HITPOINT WARNING * * *
The kobold completely misses you.
You closely miss the rat.
The rat is moderately wounded.
The rat bites you.
* * * LOW HITPOINT WARNING * * *
The kobold hits you but does no damage. The hobgoblin hits you with a club.
You die...

##### .... ..# #.#### ♣
#K# #..... ♣♣P♣ #@##
####. ≈≈≈..#rg# ##..
♣..g.### ####...
♣.....$# ##....†.
♣....##.######..#..##
.?...$.......J).÷......
.......#########..###..
.####### #..# ##
#..........#


You could see a hobgoblin, a goblin, a kobold and a rat.

Vanquished Creatures
  An ooze (D:1)
  A goblin (D:1)
  2 hobgoblins (D:1)
  4 kobolds (D:1)
  2 frilled lizards (D:1)
  2 rats (D:1)
12 creatures vanquished.

Notes
Turn   | Place    | Note
-------+----------+-------------------------------------------
     0 | D:1      | CozyGlow the Draconian Air Elementalist began the quest for
                  | the Orb.
     0 | D:1      | Reached XP level 1. HP: 14/14 MP: 3/3
   303 | D:1      | Reached XP level 2. HP: 20/20 MP: 0/5
   484 | D:1      | HP: 1/20 [rat (1)]
   484 | D:1      | Slain by a hobgoblin

Vault maps used:
D:1:      lemuel_arrival_tunnels, serial_bayou_crossing

Skill      XL: |  1  2 |
---------------+-------+-----
Dodging        | 2 |  2.0
Stealth        | |  1.7
Spellcasting   | |  2.4
Conjurations   | |  1.3
Air Magic      | |  3.1

Action                   || total
-------------------------++-------
Melee: Whip              ||    10
 Cast: Shock             ||    28
Armor: Skin              ||    11
Dodge: Dodged            ||    32

Table legend:
 A = Non-vault XP
 B = Vault XP
 C = Vault XP percentage of total XP
 D = Non-vault monster count
 E = Vault monster count
 F = Vault count percentage of total count
                 A         B        C        D         E       F
            +---------+---------+-------+---------+---------+-------
      Total |      25 |       0 |   0.0 |      12 |       0 |   0.0
            +---------+---------+-------+---------+---------+-------
        D:1 |      25 |       0 |   0.0 |      12 |       0 |   0.0
            +---------+---------+-------+---------+---------+-------
